 Dungeon Crawl Stone Soup version 0.30.1-11-g7821555f0a (webtiles) character file.

Game seed: 10820646547444412676

539 Ivernyr the Shield-Bearer (level 7, -4/82 HPs)
             Began as a Formicid Fighter on Dec 3, 2023.
             Killed from afar by Blork the orc (8 damage)
             ... with a puff of frost
             ... on level 4 of the Dungeon.
             The game lasted 00:07:26 (3150 turns).

Ivernyr the Shield-Bearer (Formicid Fighter)        Turns: 3150, Time: 00:07:27

Health: -4/82      AC: 23    Str: 22 (23) XL:     7   Next: 51%
Magic:  7/7        EV:  2    Int:  6 (7)  God:
Gold:   234        SH:  5    Dex: 11 (13) Spells: 6/6 levels left

rFire   . . .        a - +0 quarterstaff
rCold   . . .        c - +0 buckler
rNeg    . . .        b - melded +0 scale mail
rPois   +            (helmet unavailable)
rElec   .            e - melded +0 cloak
rCorr   .            h - melded +0 pair of gloves
SInv    .            (boots currently unavailable)
Will    .....        (no amulet)
Stlth   +            (no ring)
HPRegen 0.33/turn    (no ring)
MPRegen 0.10/turn

%: no passive effects
@: lethally poisoned (-4 -> -7), tree-form
A: stationary, stasis, torment immunity, boosted hp, permanent stasis, dig
shafts and tunnels, (antennae 3), four strong arms
a: no special abilities


You were on level 4 of the Dungeon.
You were a tree.
You visited 1 branch of the dungeon, and saw 4 of its levels.

You collected 234 gold pieces.

Inventory:

Hand Weapons
 a - a +0 quarterstaff (weapon)
Armour
 b - a +0 scale mail (melded)
 c - a +0 buckler (worn)
 e - a +0 cloak (melded)
 h - a +0 pair of gloves (melded)
Wands
 l - a wand of iceblast (6)
Scrolls
 f - 4 scrolls of identify {unknown}
 i - a scroll of silence {unknown}
 j - 2 scrolls of magic mapping {unknown}
 k - a scroll of amnesia {unknown}
 n - a scroll of vulnerability {unknown}
 o - a scroll of fear {unknown}
 p - a scroll of noise {unknown}
 r - a scroll of poison {unknown}
 s - a scroll of immolation {unknown}
Potions
 d - a potion of might
 m - 2 potions of lignification
 q - a potion of heal wounds {unknown}
 t - a potion of mutation {unknown}


   Skills:
 + Level 4.9 Fighting
 * Level 5.0 Staves
 + Level 4.9 Armour
 + Level 5.9 Shields


You had 6 spell levels left.
You didn't know any spells.
Your spell library contained the following spells:

 Spells                   Type           Power      Damage    Failure   Level
 Shock                    Conj/Air       0%         1d3       52%         1
 Poisonous Vapours        Pois/Air       0%         N/A       65%         2
 Inner Flame              Hex/Fire       0%         N/A       87%         3
 Mephitic Cloud           Conj/Pois/Air  0%         N/A       87%         3
 Airstrike                Air            0%         2d(0-16)  99%         4
 Flame Wave               Conj/Fire      0%         2d4       99%         4
 Sticky Flame             Conj/Fire      0%         2d3       99%         4
 Freezing Cloud           Conj/Ice/Air   0%         6-21      100%        5
 Swiftness                Air            Unusable   N/A       N/A         3

Dungeon Overview and Level Annotations

Branches:
Dungeon (4/15)
 Temple: D:4-7

Altars:

Annotations:
D:4 Blork the orc


Innate Abilities, Weirdness & Mutations

You are a tree.
Your roots penetrate the ground, keeping you stationary.
You cannot be teleported.
You are immune to unholy pain and torment.
Your maximum health is greatly increased.
Your equipment is partially melded.
You cannot be hasted, slowed, berserked, paralysed or teleported.
You can dig through walls and to a lower floor.
((You have a pair of large antennae on your head. (SInv)))
Your four strong arms can wield two-handed weapons with a shield.


Message History

You hit Blork the orc but do no damage.
Blork the orc is heavily wounded.
You feel very sick. Blork the orc closely misses you.
You barely miss Blork the orc.
Blork the orc is heavily wounded.
You feel sick.
Blork the orc hits you with a +6 battleaxe of venom.
* * * LOW HITPOINT WARNING * * *
It was a potion of lignification.
You turn into a tree.
Your +0 cloak melds into your body.
Your +0 pair of gloves melds into your body.
Your +0 scale mail melds into your body.
Your roots penetrate the ground.
You feel sick. Blork the orc barely misses you.
You barely miss Blork the orc.
Blork the orc is moderately wounded.
You feel sick.
Blork the orc hits you but does no damage.
You are more poisoned.
You closely miss Blork the orc.
Blork the orc is moderately wounded.
You feel sick.
Blork the orc gestures wildly while chanting.
Blork the orc seems to speed up.
You hit Blork the orc.
Blork the orc is heavily wounded.
You feel sick.
Blork the orc hits you with a +6 battleaxe of venom.
* * * LOW HITPOINT WARNING * * *
Blork the orc hits you with a +6 battleaxe of venom.
* * * LOW HITPOINT WARNING * * *
It was a potion of degeneration.
There was something very wrong with that liquid.
You feel weakened.
You feel dopey.
You feel clumsy.
* * * LOW HITPOINT WARNING * * *
You feel sick.
Blork the orc gestures at you while chanting.
The puff of frost hits you!
You die...

..............
######'#####+########.#
......................#
......................#
.............(........#
......................#
........>...........$.#
......................#
................♣o....#
######...############+#
.....#...###....####
.....#.............#
.....#.............#
.....#(............#
.....#.............#
.....#.............#
.....#'##'######..##


You could see Blork the orc (fast).

Vanquished Creatures
  Grinder (D:3)
  A scorpion (D:4)
  A gnoll bouda (D:4)
  An iguana (D:3)
  Robin (D:2)
  9 gnolls
  4 adders
  A worm (D:3)
  5 dart slugs
  7 orcs
  2 bats
  An endoplasm (D:3)
  4 giant cockroaches
  13 goblins
  9 hobgoblins
  4 jackals (D:3)
  4 kobolds
  4 quokkas
  9 ball pythons
  3 frilled lizards
  4 rats
88 creatures vanquished.

Vanquished Creatures (others)
  A goblin (D:2)
1 creature vanquished.

Grand Total: 89 creatures vanquished

Notes
Turn   | Place    | Note
-------+----------+-------------------------------------------
     0 | D:1      | Ivernyr the Formicid Fighter began the quest for the Orb.
     0 | D:1      | Reached XP level 1. HP: 18/18 MP: 1/1
   102 | D:1      | Reached XP level 2. HP: 24/24 MP: 2/2
   268 | D:1      | Reached XP level 3. HP: 29/29 MP: 3/3
   321 | D:1      | Found a faded altar of an unknown god.
   994 | D:2      | Reached XP level 4. HP: 34/37 MP: 4/4
  1059 | D:2      | Noticed Robin
  1124 | D:2      | Killed Robin
  1690 | D:3      | Noticed Grinder
  1696 | D:3      | Killed Grinder
  1697 | D:3      | Reached skill level 5 in Shields
  1697 | D:3      | Reached XP level 5. HP: 37/43 MP: 5/5
  1697 | D:3      | Reached XP level 6. HP: 43/49 MP: 6/6
  2129 | D:3      | Reached XP level 7. HP: 21/55 MP: 7/7
  3013 | D:4      | Reached skill level 5 in Staves
  3134 | D:4      | Noticed Blork the orc
  3150 | D:4      | HP: 4/82 [poisoned by Blork the orc]
  3150 | D:4      | Killed from afar by Blork the orc

Illustrated notes

Levels and vault maps discovered:
D:1:      ebering_trefoil_3fold, layout_rooms,
          shapermc_ecumenical_altar_mp_vishouse, dk_noncrumbling_4,
          minmay_small_reverse_x
D:2:      layout_loops_ring, serial_forest, infiniplex_forest_lined_4_way,
          infiniplex_forest_join, infiniplex_forest_end_double,
          infiniplex_forest_lined_2, infiniplex_forest_lined_corner,
          infiniplex_forest_zigzag_1, infiniplex_forest_corner_1, uniq_robin
D:3:      layout_basic, minmay_pentangle, uniq_grinder
D:4:      layout_gridville, minmay_temple_entry_glass, guppyfry_early_lair_pool,
          uniq_edmund, uniq_blork_the_orc

Skill      XL: |  1  2  3  4  5  6  7 |
---------------+----------------------+-----
Staves         | 4 5 |  5.0
Fighting       | 4 |  4.9
Armour         | 4 |  4.9
Shields        | 5 |  5.9

Action                     |  1- 3 |  4- 6 |  7- 9 || total
---------------------------+-------+-------+-------++-------
  Melee: Quarterstaff      |    68 |   151 |    73 ||   292
  Evoke: Wand              |       |     2 |       ||     2
    Use: Potion            |       |       |     2 ||     2
 Armour: Scale mail        |    24 |    73 |    31 ||   128
         Skin              |       |       |     1 ||     1
  Dodge: Dodged            |    38 |    70 |    32 ||   140
  Block: Buckler           |    22 |    37 |    35 ||    94
